[Event "4th Baskent University Open 2019"]
[Site "Ankara"]
[Date "2019.06.17"]
[Round "1"]
[White "Iskandarov, Misratdin"]
[Black "Kuruz, Yusuf"]
[Result "1-0"]
[ECO "A31"]
[WhiteElo "2497"]
[BlackElo "1876"]
[Annotator "RC"]
[PlyCount "79"]
[EventDate "2019.06.18"]
[EventType "swiss"]
[EventCountry "TUR"]
[SourceTitle "playchess.com"]
[Source "ChessBase"]
[SourceQuality "1"]
[TimeControl "5400+30"]

1. c4 Nf6 2. Nf3 c5 3. Nc3 Nc6 4. g3 d6 5. Bg2 Bd7 6. O-O g6 7. d4 cxd4 8. Nxd4 Bg7 9. Nxc6 Bxc6 10. e4 O-O 11. Be3 a5 12. Rc1 Nd7 13. Qe2 Nc5 14. Rfd1 Qb6 15. f4 a4 16. Qf2 Ra5 17. e5 Bxg2 18. Qxg2 dxe5 19. fxe5 Qe6 20. Rd5 b6 21. Re1 h5 22. Nb5 Rc8 23. Bd2 Rxb5 24. cxb5 Qg4 25. Qe2 Qh3 26. Bg5 Qe6 27. Red1 Kh7 28. Qf3 Bxe5 29. Rxe5 Qxe5 30. Qxf7+ Qg7 31. Qxe7 Qxe7 32. Bxe7 Kg7 33. Bd8 Ne4 34. Bxb6 Rc2 35. Bd4+ Kf7 36. b6 Nd6 37. Bc3 a3 38. bxa3 Rxc3 39. Rxd6 Rc2 40. Rd4 1-0

[Event "4th Baskent University Open 2019"]
[Site "Ankara"]
[Date "2019.06.17"]
[Round "1"]
[White "Mammadov, Zaur"]
[Black "Saridag, Omer Melih"]
[Result "1-0"]
[ECO "B01"]
[WhiteElo "2428"]
[BlackElo "1870"]
[Annotator "RC"]
[PlyCount "139"]
[EventDate "2019.06.18"]
[EventType "swiss"]
[EventCountry "TUR"]
[SourceTitle "playchess.com"]
[Source "ChessBase"]
[SourceQuality "1"]
[TimeControl "5400+30"]

1. e4 d5 2. exd5 Qxd5 3. Nc3 Qa5 4. d4 Nf6 5. Bc4 Bg4 6. Nf3 Nc6 7. Bb5 O-O-O 8. Bxc6 bxc6 9. h3 Bxf3 10. Qxf3 Qa6 11. Ne2 e6 12. O-O Qc4 13. Bf4 Bd6 14. c3 Qd5 15. Qd3 c5 16. Bxd6 Rxd6 17. Nf4 Qc6 18. Qg3 Rg8 19. Nd3 Ne4 20. Qf3 cxd4 21. cxd4 Nd2 22. Qxf7 Qe8 23. Qxe8+ Rxe8 24. Rfd1 Nc4 25. b3 Na3 26. Ne5 Nc2 27. Rac1 Rxd4 28. Rxd4 Nxd4 29. Rc4 Nf5 30. Ra4 Kb7 31. Rb4+ Ka8 32. Nd3 Rd8 33. Nc5 Rd6 34. Re4 Nd4 35. Kh2 a5 36. Rf4 Kb8 37. Rf8+ Ka7 38. Rf7 Rc6 39. Ne4 Nf5 40. g4 Nd4 41. Rxg7 Rc2 42. Rxh7 Re2 43. Ng5 Rxf2+ 44. Kg3 Rxa2 45. Rxc7+ Kb6 46. Rc8 Kb7 47. Rc4 Nxb3 48. Nxe6 Nd2 49. Rf4 Ra3+ 50. Kg2 Re3 51. Nd4 Re4 52. Rxe4 Nxe4 53. h4 Kc7 54. Kf3 Nd6 55. Kf4 Kd7 56. h5 Ke8 57. Ke5 Nf7+ 58. Kf6 Kf8 59. g5 Kg8 60. g6 Nd6 61. h6 Ne4+ 62. Ke7 Ng5 63. Ne6 Nh7 64. Nc5 Nf8 65. Kf6 Nd7+ 66. Kf5 Nb8 67. Na4 Nc6 68. Nb6 Kh8 69. Nd5 Nb8 70. Ke4 1-0

[Event "4th Baskent University Open 2019"]
[Site "Ankara"]
[Date "2019.06.17"]
[Round "1"]
[White "Can, Isik"]
[Black "Guler, Muhammed Talha"]
[Result "1-0"]
[ECO "B12"]
[WhiteElo "2379"]
[BlackElo "1808"]
[Annotator "RC"]
[PlyCount "59"]
[EventDate "2019.06.18"]
[EventType "swiss"]
[EventCountry "TUR"]
[SourceTitle "playchess.com"]
[Source "ChessBase"]
[SourceQuality "1"]
[TimeControl "5400+30"]

1. e4 c6 2. d4 d5 3. e5 c5 4. dxc5 e6 5. a3 Nd7 6. Nf3 Nxc5 7. b4 Ne4 8. Bd3 f5 9. O-O a5 10. bxa5 Bc5 11. Nbd2 Ne7 12. Nb3 O-O 13. Bd2 Nc6 14. Nxc5 Nxc5 15. Bb4 Nxd3 16. Bxf8 Ndxe5 17. Nxe5 Nxe5 18. Bb4 Qh4 19. Rb1 Bd7 20. Bc3 Qf4 21. Rxb7 Bc6 22. Bxe5 Qxe5 23. Rb6 Qc7 24. Qd2 e5 25. Qc3 Rc8 26. Rfb1 Qd7 27. Qxe5 d4 28. a6 Re8 29. Qxe8+ Qxe8 30. Rb8 1-0

[Event "4th Baskent University Open 2019"]
[Site "Ankara"]
[Date "2019.06.17"]
[Round "1"]
[White "Koksal, Ege"]
[Black "Kavri, Yusuf Eren"]
[Result "1-0"]
[ECO "D60"]
[WhiteElo "2363"]
[BlackElo "1719"]
[Annotator "RC"]
[PlyCount "101"]
[EventDate "2019.06.18"]
[EventType "swiss"]
[EventCountry "TUR"]
[SourceTitle "playchess.com"]
[Source "ChessBase"]
[SourceQuality "1"]
[TimeControl "5400+30"]

1. d4 Nf6 2. c4 e6 3. Nf3 d5 4. Nc3 Be7 5. Bg5 O-O 6. e3 Nbd7 7. c5 c6 8. Be2 b6 9. b4 bxc5 10. bxc5 h6 11. Bh4 Qa5 12. Qd2 Re8 13. O-O Ba6 14. Rfc1 Bd8 15. Bg3 Bxe2 16. Qxe2 Bc7 17. e4 Bxg3 18. hxg3 dxe4 19. Nxe4 Nxe4 20. Qxe4 Qa4 21. Qd3 Red8 22. Qb3 Qa6 23. Rd1 Rab8 24. Qc2 Qa5 25. g4 Rb4 26. Rab1 Rdb8 27. Rb3 Qa4 28. Rdb1 R8b5 29. g5 hxg5 30. Nxg5 Nf6 31. Nf3 Nd5 32. g3 Rxb3 33. axb3 Qb4 34. Kg2 a5 35. Rh1 Nf6 36. Ra1 Qxb3 37. Qxb3 Rxb3 38. Rxa5 Nd5 39. Ne5 Rb8 40. Ra7 f6 41. Nxc6 Rc8 42. Ra6 Kf7 43. Kf3 Ne7 44. Nxe7 Kxe7 45. Ra7+ Kf8 46. Ke4 e5 47. Rd7 exd4 48. Kxd4 g6 49. Kd5 Ke8 50. Rh7 Rd8+ 51. Ke4 1-0

[Event "4th Baskent University Open 2019"]
[Site "Ankara"]
[Date "2019.06.17"]
[Round "1"]
[White "Sade, Defne"]
[Black "Maghalashvili, Davit"]
[Result "0-1"]
[ECO "B51"]
[WhiteElo "1943"]
[BlackElo "2500"]
[Annotator "RC"]
[PlyCount "80"]
[EventDate "2019.06.18"]
[EventType "swiss"]
[EventCountry "TUR"]
[SourceTitle "playchess.com"]
[Source "ChessBase"]
[SourceQuality "1"]
[TimeControl "5400+30"]

1. e4 c5 2. Nf3 d6 3. Bb5+ Nc6 4. O-O Bd7 5. Re1 a6 6. Bxc6 Bxc6 7. d4 cxd4 8. Nxd4 Nf6 9. Nxc6 bxc6 10. Nc3 Nd7 11. Be3 e6 12. Qf3 Be7 13. Qg3 O-O 14. Rad1 Ne5 15. Bd4 Ng6 16. Na4 e5 17. Bb6 Qc8 18. Ba5 Rb8 19. Nb6 Qe6 20. Qc3 Nf4 21. Nc4 Qg4 22. Qf3 Qe6 23. Qc3 Rb7 24. Rd2 f6 25. g3 Nh3+ 26. Kg2 Ng5 27. b3 d5 28. exd5 cxd5 29. h4 Ne4 30. Rxe4 dxe4 31. Ne3 Rc8 32. Qa1 Bc5 33. c4 Rd7 34. Nd5 Bd4 35. Bc3 Rxd5 36. cxd5 Qxd5 37. Kh2 Bxc3 38. Qxc3 Rxc3 39. Rxd5 Rc2 40. Ra5 e3 0-1

[Event "4th Baskent University Open 2019"]
[Site "Ankara"]
[Date "2019.06.17"]
[Round "1"]
[White "Konusoglu, Kemal Safa"]
[Black "Arat, Ufuk Sezen"]
[Result "0-1"]
[ECO "A45"]
[WhiteElo "1858"]
[BlackElo "2368"]
[Annotator "RC"]
[PlyCount "92"]
[EventDate "2019.06.18"]
[EventType "swiss"]
[EventCountry "TUR"]
[SourceTitle "playchess.com"]
[Source "ChessBase"]
[SourceQuality "1"]
[TimeControl "5400+30"]

1. d4 Nf6 2. Bf4 d6 3. Nc3 Nh5 4. Bg5 h6 5. Bh4 g5 6. e4 Nf4 7. Bg3 Bg7 8. h4 c5 9. hxg5 hxg5 10. Rxh8+ Bxh8 11. Bxf4 gxf4 12. Qh5 Bxd4 13. Nge2 Be6 14. Nxd4 cxd4 15. Qh8+ Kd7 16. Qxd4 Nc6 17. Qd2 Qa5 18. Bb5 a6 19. Ba4 Rg8 20. f3 b5 21. Bb3 b4 22. Nd5 Bxd5 23. Bxd5 Ne5 24. O-O-O Qc5 25. Kb1 a5 26. Bb3 Qb5 27. Qd4 Nc6 28. Qd2 Rg7 29. Qxf4 Qe2 30. Qd2 Rxg2 31. Qxe2 Rxe2 32. Bxf7 Ne5 33. Bh5 Rh2 34. Bg4+ Kc6 35. b3 Kb6 36. Rf1 Nc6 37. f4 Nd4 38. Bd1 Nb5 39. Kb2 Kc5 40. e5 dxe5 41. fxe5 Kd4 42. Re1 Nc3 43. a3 Rd2 44. Bf3 bxa3+ 45. Kxa3 Rxc2 46. b4 Ra2+ 0-1

[Event "4th Baskent University Open 2019"]
[Site "Ankara"]
[Date "2019.06.17"]
[Round "1"]
[White "Kaptan, Emre Akin"]
[Black "Pacher, Milan"]
[Result "0-1"]
[ECO "B22"]
[WhiteElo "1798"]
[BlackElo "2396"]
[Annotator "RC"]
[PlyCount "100"]
[EventDate "2019.06.18"]
[EventType "swiss"]
[EventCountry "TUR"]
[SourceTitle "playchess.com"]
[Source "ChessBase"]
[SourceQuality "1"]
[TimeControl "5400+30"]

1. e4 c5 2. c3 d6 3. d4 Nf6 4. dxc5 Nc6 5. cxd6 Nxe4 6. dxe7 Qxd1+ 7. Kxd1 Nxf2+ 8. Ke1 Nxh1 9. exf8=Q+ Rxf8 10. g3 Bg4 11. Bg2 O-O-O 12. Bd2 Rfe8+ 13. Kf1 Ne5 14. Bxh1 Nc4 15. Bf3 h5 16. h3 Rxd2 17. Bxg4+ hxg4 18. Nxd2 Nxd2+ 19. Kf2 Ne4+ 20. Kg2 gxh3+ 21. Nxh3 Rd8 22. Kf3 f5 23. Kf4 Rd2 24. Kxf5 Nxg3+ 25. Kg4 Ne4 26. Rb1 Kd7 27. Nf4 Nc5 28. Kf3 Na4 29. Rg1 Rxb2 30. Rxg7+ Kc6 31. Ne6 Kb6 32. Nd8 Nc5 33. a4 Rb3 34. Ke2 Rxc3 35. a5+ Ka6 36. Rc7 b6 37. Ne6 Kxa5 38. Nxc5 Rxc5 39. Rxa7+ Kb4 40. Ra1 Kc3 41. Rb1 Re5+ 42. Kd1 Rd5+ 43. Ke2 b5 44. Ke3 b4 45. Rc1+ Kb2 46. Rc8 b3 47. Rb8 Kc2 48. Rc8+ Kb1 49. Rb8 b2 50. Ke4 Ra5 0-1

[Event "4th Baskent University Open 2019"]
[Site "Ankara"]
[Date "2019.06.17"]
[Round "1"]
[White "Bekiragaoglu, Umut"]
[Black "Bagaturov, Giorgi"]
[Result "0-1"]
[ECO "A36"]
[WhiteElo "1795"]
[BlackElo "2422"]
[Annotator "RC"]
[PlyCount "68"]
[EventDate "2019.06.18"]
[EventType "swiss"]
[EventCountry "TUR"]
[SourceTitle "playchess.com"]
[Source "ChessBase"]
[SourceQuality "1"]
[TimeControl "5400+30"]

1. e4 c5 2. Ne2 g6 3. c4 e5 4. g3 Bg7 5. Bg2 Ne7 6. O-O O-O 7. Nbc3 d6 8. d3 Nbc6 9. f4 Be6 10. Be3 Nd4 11. Bxd4 exd4 12. Nd5 Nxd5 13. cxd5 Bd7 14. Qd2 Re8 15. b4 b6 16. Rab1 f5 17. Rfc1 Rc8 18. bxc5 bxc5 19. Rb7 Rc7 20. Rcb1 Rxb7 21. Rxb7 Bc8 22. Rxa7 Qb6 23. Qa5 Qxa5 24. Rxa5 c4 25. Ra4 cxd3 26. Nxd4 d2 27. Bf3 Rxe4 28. Ra8 Bxd4+ 29. Kg2 Re8 30. Bd1 Bd7 31. Rxe8+ Bxe8 32. Kf3 Bf7 33. Bb3 d1=Q+ 34. Bxd1 Bxd5+ 0-1

[Event "4th Baskent University Open 2019"]
[Site "Ankara"]
[Date "2019.06.17"]
[Round "1"]
[White "Sahin, Arda"]
[Black "Tugolbaev, Aktan"]
[Result "1-0"]
[ECO "B07"]
[WhiteElo "1710"]
[BlackElo "1179"]
[Annotator "NA RC"]
[PlyCount "57"]
[EventDate "2019.06.18"]
[EventType "swiss"]
[EventCountry "TUR"]
[SourceTitle "playchess.com"]
[Source "ChessBase"]
[SourceQuality "1"]
[TimeControl "5400+30"]

1. d4 Nf6 2. Bf4 g6 3. Nc3 Bg7 4. e4 d6 5. Qd2 O-O 6. O-O-O Nbd7 7. Nf3 c6 8. e5 Ne8 9. h4 h5 10. Be2 b5 11. Kb1 d5 12. Bd3 Nb6 13. Ng5 a5 14. Ne2 Nc7 15. Ng3 b4 16. Qe2 Ne6 17. Nxh5 Nxd4 18. Qe3 Nf5 19. Bxf5 Bxf5 20. Ng3 Qd7 21. Qxb6 Rfb8 22. Qe3 b3 23. axb3 a4 24. e6 axb3 25. exd7 bxc2+ 26. Kc1 Rxb2 27. d8=Q+ Rxd8 28. Nxf5 gxf5 29. Be5 1-0

[Event "4th Baskent University Open 2019"]
[Site "Ankara"]
[Date "2019.06.17"]
[Round "1"]
[White "Kaya, Onur"]
[Black "Yuzer, Murat"]
[Result "1-0"]
[ECO "B06"]
[WhiteElo "1681"]
[BlackElo "1436"]
[Annotator "NA RC"]
[PlyCount "101"]
[EventDate "2019.06.18"]
[EventType "swiss"]
[EventCountry "TUR"]
[SourceTitle "playchess.com"]
[Source "ChessBase"]
[SourceQuality "1"]
[TimeControl "5400+30"]

1. e4 g6 2. d4 Bg7 3. Nc3 d6 4. f4 c6 5. a4 Nd7 6. e5 dxe5 7. dxe5 Nh6 8. Nf3 a5 9. Be3 Ng4 10. Bg1 Qc7 11. h3 Nh6 12. Bc4 Nf8 13. Qe2 Be6 14. O-O-O Bxc4 15. Qxc4 Ne6 16. g4 O-O 17. f5 gxf5 18. g5 Nxg5 19. Nxg5 Qxe5 20. Nf3 Qg3 21. Rf1 b5 22. Qh4 Qxh4 23. Nxh4 Bxc3 24. bxc3 e6 25. Be3 f4 26. Bxf4 Nf5 27. Nxf5 exf5 28. Rhg1+ Kh8 29. axb5 cxb5 30. Bh6 Rg8 31. Rxg8+ Rxg8 32. Rxf5 Rg6 33. Be3 Kg8 34. Rxb5 Ra6 35. Bd4 h6 36. c4 a4 37. c5 Kf8 38. Rb6 Ra8 39. Rxh6 Ke7 40. Rd6 a3 41. Bf6+ Ke8 42. Kb1 a2+ 43. Ka1 Rb8 44. Kxa2 Ra8+ 45. Kb1 Rb8+ 46. Kc1 Kf8 47. Rd8+ Rxd8 48. Bxd8 Ke8 49. Bg5 Kd7 50. h4 Kc6 51. h5 1-0

[Event "4th Baskent University Open 2019"]
[Site "Ankara"]
[Date "2019.06.17"]
[Round "1"]
[White "Samli, Ibrahim"]
[Black "Kocak, Yasin"]
[Result "0-1"]
[ECO "B70"]
[WhiteElo "1671"]
[BlackElo "1342"]
[Annotator "NA RC"]
[PlyCount "68"]
[EventDate "2019.06.18"]
[EventType "swiss"]
[EventCountry "TUR"]
[SourceTitle "playchess.com"]
[Source "ChessBase"]
[SourceQuality "1"]
[TimeControl "5400+30"]

1. e4 c5 2. Nf3 d6 3. d4 cxd4 4. Nxd4 Nf6 5. Nc3 g6 6. Bg5 Bg7 7. Qd2 Qa5 8. f3 O-O 9. h4 Nc6 10. Nb3 Qb6 11. Bxf6 exf6 12. h5 Be6 13. O-O-O f5 14. exf5 Bxf5 15. g4 Be6 16. Bd3 Nb4 17. hxg6 fxg6 18. Na4 Nxa2+ 19. Kb1 Qb4 20. Kxa2 Qxa4+ 21. Kb1 Rxf3 22. Qe2 Bxg4 23. Rdg1 Rg3 24. Qh2 Rxg1+ 25. Rxg1 Qd7 26. Rh1 Be5 27. Qg2 a5 28. Bc4+ Kh8 29. Nd2 Bf5 30. Bd5 Rc8 31. Ne4 Qb5 32. c4 Rxc4 33. Bxc4 Bxe4+ 34. Ka1 Qa4+ 0-1

[Event "4th Baskent University Open 2019"]
[Site "Ankara"]
[Date "2019.06.17"]
[Round "1"]
[White "Gocer, Onur Saygin"]
[Black "Uysal, Nehir"]
[Result "1-0"]
[ECO "C01"]
[WhiteElo "1595"]
[BlackElo "1223"]
[Annotator "NA RC"]
[PlyCount "73"]
[EventDate "2019.06.18"]
[EventType "swiss"]
[EventCountry "TUR"]
[SourceTitle "playchess.com"]
[Source "ChessBase"]
[SourceQuality "1"]
[TimeControl "5400+30"]

1. e4 e6 2. d4 d5 3. exd5 exd5 4. c4 c6 5. Nc3 Nf6 6. Bg5 Be7 7. Nf3 O-O 8. Be2 Ne4 9. Bxe7 Qxe7 10. O-O Re8 11. Re1 Bf5 12. cxd5 Nxc3 13. bxc3 Qa3 14. Bc4 Nd7 15. dxc6 bxc6 16. Qb3 Qxb3 17. axb3 h6 18. h3 Kf8 19. Rxe8+ Kxe8 20. d5 cxd5 21. Bxd5 Rc8 22. Nd4 Bd3 23. Rxa7 Ne5 24. f4 Rd8 25. c4 Nd7 26. Bc6 Ke7 27. Bxd7 Rxd7 28. Nc6+ Kd6 29. Rxd7+ Kxd7 30. Ne5+ Kd6 31. Nxd3 Kc7 32. b4 Kb6 33. b5 f6 34. Nb4 Ka5 35. Nd5 f5 36. h4 h5 37. g3 1-0

[Event "4th Baskent University Open 2019"]
[Site "Ankara"]
[Date "2019.06.17"]
[Round "1"]
[White "Seb, Mesut"]
[Black "Subasi, Fidel"]
[Result "0-1"]
[ECO "A16"]
[WhiteElo "1528"]
[BlackElo "1702"]
[Annotator "NA RC"]
[PlyCount "23"]
[EventDate "2019.06.18"]
[EventType "swiss"]
[EventCountry "TUR"]
[SourceTitle "playchess.com"]
[Source "ChessBase"]
[SourceQuality "1"]
[TimeControl "5400+30"]

1. c4 Nf6 2. Nc3 d5 3. cxd5 Nxd5 4. Nf3 g6 5. e4 Nxc3 6. bxc3 Bg7 7. Bc4 O-O 8. Ba3 a6 9. Qb3 b5 10. Be2 Nd7 11. c4 Bxa1 12. Qd1 0-1

[Event "4th Baskent University Open 2019"]
[Site "Ankara"]
[Date "2019.06.17"]
[Round "1"]
[White "Dizdar, Didem Dilara"]
[Black "Taban, Yagiz"]
[Result "0-1"]
[ECO "A85"]
[WhiteElo "1390"]
[BlackElo "1654"]
[Annotator "NA RC"]
[PlyCount "58"]
[EventDate "2019.06.18"]
[EventType "swiss"]
[EventCountry "TUR"]
[SourceTitle "playchess.com"]
[Source "ChessBase"]
[SourceQuality "1"]
[TimeControl "5400+30"]

1. Nf3 f5 2. c4 Nf6 3. Nc3 e6 4. d4 b6 5. Bg5 Bb7 6. Qc2 Bb4 7. a3 Bxc3+ 8. bxc3 O-O 9. Rd1 Qe8 10. Bxf6 Rxf6 11. d5 e5 12. g3 d6 13. Nh4 g6 14. Bh3 Bc8 15. O-O Na6 16. Kh1 Nc5 17. Bg2 Ba6 18. f4 Bxc4 19. Bf3 Bb3 20. Qc1 Bxd1 21. Rxd1 exf4 22. g4 fxg4 23. Bxg4 Qe3 24. Qxe3 fxe3 25. Nf3 Ne4 26. Be6+ Rxe6 27. dxe6 Nf2+ 28. Kg2 Nxd1 29. Nd4 Nxc3 0-1

[Event "4th Baskent University Open 2019"]
[Site "Ankara"]
[Date "2019.06.17"]
[Round "1"]
[White "Yilmaz, Huseyin"]
[Black "Kanli, Alperen"]
[Result "0-1"]
[ECO "D20"]
[WhiteElo "1375"]
[BlackElo "1737"]
[Annotator "NA RC"]
[PlyCount "84"]
[EventDate "2019.06.18"]
[EventType "swiss"]
[EventCountry "TUR"]
[SourceTitle "playchess.com"]
[Source "ChessBase"]
[SourceQuality "1"]
[TimeControl "5400+30"]

1. d4 d5 2. c4 dxc4 3. Nc3 a6 4. a4 Nc6 5. e3 e5 6. Bxc4 exd4 7. exd4 Nxd4 8. Be3 Be6 9. Bxe6 Nxe6 10. Qf3 c6 11. Rd1 Qc7 12. Nge2 Nf6 13. O-O Bd6 14. g3 O-O 15. Nd4 Nxd4 16. Bxd4 Nd7 17. Qg4 Be5 18. Be3 Nf6 19. Qc4 Rfd8 20. Rxd8+ Rxd8 21. b4 b5 22. axb5 axb5 23. Qc5 Nd7 24. Nxb5 cxb5 25. Qxb5 Rb8 26. Qa4 Nb6 27. Qb3 Qc4 28. Qxc4 Nxc4 29. Bc5 Bb2 30. Re1 f6 31. Re7 Ba3 32. Re4 Ne5 33. f4 Nc6 34. Re6 Nxb4 35. Ba7 Rb7 36. Bc5 Nc2 37. Re8+ Kf7 38. Rf8+ Kg6 39. Rc8 Rb1+ 40. Kg2 Ne1+ 41. Kh3 Rc1 42. Re8 Bxc5 0-1

[Event "4th Baskent University Open 2019"]
[Site "Ankara"]
[Date "2019.06.17"]
[Round "1"]
[White "Ilek, Kadir Bertan"]
[Black "Sarginalp, Tuna"]
[Result "1/2-1/2"]
[ECO "B52"]
[WhiteElo "1333"]
[BlackElo "1630"]
[Annotator "NA RC"]
[PlyCount "62"]
[EventDate "2019.06.18"]
[EventType "swiss"]
[EventCountry "TUR"]
[SourceTitle "playchess.com"]
[Source "ChessBase"]
[SourceQuality "1"]
[TimeControl "5400+30"]

1. e4 c5 2. Nf3 d6 3. Bb5+ Bd7 4. Bxd7+ Qxd7 5. O-O Nc6 6. c3 Nf6 7. Re1 e6 8. d4 cxd4 9. cxd4 d5 10. e5 Ne4 11. Nc3 Nxc3 12. bxc3 Rc8 13. Qd3 Be7 14. Bg5 Bxg5 15. Nxg5 h6 16. Nh3 Ne7 17. f4 Rc4 18. Rab1 Qc6 19. Rb3 Kd7 20. Reb1 b6 21. Nf2 Ra4 22. Qd2 Rc8 23. Nd1 Qb7 24. Ne3 Qa6 25. R1b2 Nc6 26. f5 Na5 27. Rb4 Rxb4 28. fxe6+ fxe6 29. Rxb4 Rf8 30. Rb1 Nc4 31. Qe2 Qc8 1/2-1/2

[Event "4th Baskent University Open 2019"]
[Site "Ankara"]
[Date "2019.06.18"]
[Round "2"]
[White "Annaberdiev, Meilis"]
[Black "Guven, Oguz Kagan"]
[Result "1-0"]
[ECO "B74"]
[WhiteElo "2532"]
[BlackElo "2095"]
[Annotator "ChessBase"]
[PlyCount "67"]
[EventDate "2019.06.18"]
[EventType "swiss"]
[EventCountry "TUR"]
[SourceTitle "playchess.com"]
[Source "ChessBase"]
[SourceQuality "1"]
[TimeControl "5400+30"]

1. e4 c5 2. Nf3 Nc6 3. d4 cxd4 4. Nxd4 g6 5. Nc3 Bg7 6. Be3 Nf6 7. Nb3 O-O 8. Be2 d6 9. O-O Bd7 10. f4 Rc8 11. Bf3 a6 12. Qe2 b5 13. a3 Re8 14. Rad1 Qc7 15. Rd2 Be6 16. Qf2 Rb8 17. Nd5 Bxd5 18. exd5 Na5 19. Nxa5 Qxa5 20. c3 Nd7 21. h4 Qc7 22. h5 Nb6 23. Re2 e5 24. dxe6 Rxe6 25. Bg4 f5 26. Bf3 d5 27. hxg6 Rxg6 28. Rfe1 Rd8 29. Bc5 Nc8 30. Bh5 Nd6 31. Bxg6 hxg6 32. Re7 Rd7 33. Bxd6 Qxd6 34. R7e6 1-0

[Event "4th Baskent University Open 2019"]
[Site "Ankara"]
[Date "2019.06.18"]
[Round "2"]
[White "Maghalashvili, Davit"]
[Black "Erdogan, Anil Berk"]
[Result "1-0"]
[ECO "A37"]
[WhiteElo "2500"]
[BlackElo "2087"]
[Annotator "ChessBase"]
[PlyCount "145"]
[EventDate "2019.06.18"]
[EventType "swiss"]
[EventCountry "TUR"]
[SourceTitle "playchess.com"]
[Source "ChessBase"]
[SourceQuality "1"]
[TimeControl "5400+30"]

1. Nf3 c5 2. c4 g6 3. g3 Bg7 4. Bg2 Nc6 5. Nc3 e6 6. d4 cxd4 7. Nb5 d5 8. cxd5 exd5 9. O-O Nge7 10. Nbxd4 O-O 11. Be3 Bg4 12. Re1 Bxf3 13. exf3 Nxd4 14. Bxd4 Bxd4 15. Qxd4 Nc6 16. Qc5 d4 17. f4 Qb6 18. Qxb6 axb6 19. a3 Rfd8 20. Rad1 Rd6 21. Rd3 Kf8 22. Bf3 Rad8 23. h4 Na5 24. Rc1 Ke7 25. Kf1 R8d7 26. h5 Kd8 27. Bg4 f5 28. Bf3 Rc7 29. Rcd1 Rcd7 30. b3 Nc6 31. Kg2 Nb8 32. Rh1 Nc6 33. b4 Ne7 34. b5 Rc7 35. hxg6 Nxg6 36. Rh5 Rc3 37. Be2 Rc2 38. Kf3 Ne7 39. Rxh7 Rd5 40. Rh6 Nc8 41. Bd1 Rc3 42. Ke2 Kc7 43. Rh7+ Kb8 44. Rh8 Kc7 45. Re8 Nd6 46. Re7+ Kd8 47. Re5 Rxe5+ 48. fxe5 Nxb5 49. a4 Na7 50. Rxd4+ Ke7 51. Kd2 Ra3 52. Rd3 Ra2+ 53. Ke3 Nc6 54. f4 Nb4 55. Rd4 Ra3+ 56. Ke2 Na6 57. Bc2 Rxg3 58. Bxf5 Nc5 59. Rd6 Ra3 60. Rxb6 Rxa4 61. Kf3 Ra6 62. Rb5 Rc6 63. Be4 Rc7 64. f5 Nd7 65. Kf4 b6 66. Kg5 Rc1 67. f6+ Kf8 68. Rd5 Rg1+ 69. Kh5 Nxe5 70. Rxe5 Kf7 71. Rf5 Rd1 72. Bd5+ Kf8 73. Rg5 1-0

[Event "4th Baskent University Open 2019"]
[Site "Ankara"]
[Date "2019.06.18"]
[Round "2"]
[White "Pacher, Milan"]
[Black "Gokcek, Kursat Bugra"]
[Result "1-0"]
[ECO "A48"]
[WhiteElo "2434"]
[BlackElo "2127"]
[Annotator "NA"]
[PlyCount "99"]
[EventDate "2019.06.18"]
[EventType "swiss"]
[EventCountry "TUR"]
[SourceTitle "playchess.com"]
[Source "ChessBase"]
[SourceQuality "1"]
[TimeControl "5400+30"]

1. d4 Nf6 2. Bf4 g6 3. e3 Bg7 4. Nf3 d6 5. h3 O-O 6. Be2 c5 7. c3 Be6 8. Nbd2 Qb6 9. Qc1 Nc6 10. O-O cxd4 11. exd4 Bd5 12. Be3 Nd7 13. b3 Rac8 14. Qa3 Qc7 15. c4 Bxf3 16. Nxf3 e5 17. Rad1 e4 18. Ng5 Nf6 19. d5 Ne5 20. f4 exf3 21. Nxf3 Ne4 22. Nxe5 Bxe5 23. Bf3 Ng3 24. Rfe1 Bc3 25. Bd2 Bd4+ 26. Kh2 Bf2 27. Bh6 Nf5 28. Bxf8 Bg3+ 29. Kh1 Bf4 30. Qxa7 Rxf8 31. g4 Nh4 32. Qf2 g5 33. Be4 Qa5 34. c5 dxc5 35. d6 Rd8 36. Bxb7 Qc3 37. Bg2 Rxd6 38. Rxd6 Bxd6 39. Qe3 Qf6 40. Rf1 Bf4 41. Qxc5 Qb2 42. Qf2 Qc3 43. Qe1 Qc7 44. Bd5 Qc2 45. Qe8+ Kg7 46. Qxf7+ Kh6 47. Qf8+ Kg6 48. Bf7+ Kf6 49. Be8+ Ke5 50. Re1+ 1-0

[Event "4th Baskent University Open 2019"]
[Site "Ankara"]
[Date "2019.06.18"]
[Round "2"]
[White "Bagaturov, Giorgi"]
[Black "Rzayev, Askar Aliakbar"]
[Result "1-0"]
[ECO "D37"]
[WhiteElo "2422"]
[BlackElo "2089"]
[Annotator "NA"]
[PlyCount "65"]
[EventDate "2019.06.18"]
[EventType "swiss"]
[EventCountry "TUR"]
[SourceTitle "playchess.com"]
[Source "ChessBase"]
[SourceQuality "1"]
[TimeControl "5400+30"]

1. d4 Nf6 2. Nf3 d5 3. c4 e6 4. Nc3 a6 5. e3 Be7 6. a3 dxc4 7. Bxc4 b5 8. Bd3 c5 9. dxc5 Bxc5 10. O-O Bb7 11. e4 Nbd7 12. h3 O-O 13. Bf4 Nh5 14. Bh2 Nhf6 15. Qe2 Re8 16. e5 Nd5 17. Ne4 Be7 18. Rad1 Qb6 19. Nd6 Bxd6 20. exd6 e5 21. Rfe1 f6 22. Be4 Qxd6 23. Qd3 N7b6 24. Bxh7+ Kf8 25. Nh4 Qc6 26. Be4 Qc7 27. Qf3 Rad8 28. Ng6+ Kg8 29. Qh5 Nf4 30. Rxd8 Rxd8 31. Bxf4 Bxe4 32. Rxe4 exf4 33. Re7 1-0

[Event "4th Baskent University Open 2019"]
[Site "Ankara"]
[Date "2019.06.18"]
[Round "2"]
[White "Odeev, Handszar"]
[Black "Unat, Can Haktan"]
[Result "1-0"]
[ECO "B50"]
[WhiteElo "2386"]
[BlackElo "2079"]
[Annotator "NA"]
[PlyCount "109"]
[EventDate "2019.06.18"]
[EventType "swiss"]
[EventCountry "TUR"]
[SourceTitle "playchess.com"]
[Source "ChessBase"]
[SourceQuality "1"]
[TimeControl "5400+30"]

1. e4 c5 2. Nf3 d6 3. Nc3 Nc6 4. a3 g6 5. Rb1 a5 6. d4 cxd4 7. Nxd4 Bg7 8. Be3 Nf6 9. Be2 O-O 10. O-O Nxd4 11. Bxd4 Bd7 12. a4 Bc6 13. f3 e5 14. Be3 d5 15. exd5 Nxd5 16. Nxd5 Bxd5 17. Bc5 Re8 18. Bb5 Bc6 19. Bxc6 bxc6 20. Qxd8 Rexd8 21. Rfd1 Rd5 22. Bb6 Bf8 23. Kf1 Rxd1+ 24. Rxd1 Rb8 25. Bc7 Rxb2 26. Rd8 Rb1+ 27. Ke2 Kg7 28. Bxe5+ f6 29. Rd7+ Kg8 30. Bxf6 Rc1 31. c3 Ra1 32. Rd4 Ra2+ 33. Kd3 Rxg2 34. h4 Rf2 35. Ke3 Rb2 36. Rc4 c5 37. Bd8 Rb7 38. Bxa5 Be7 39. Ke4 Bxh4 40. Rxc5 Bg3 41. f4 Be1 42. Rc8+ Kf7 43. Bb4 h5 44. Kf3 h4 45. a5 Ra7 46. Rf8+ Kg7 47. Re8 Bd2 48. Re2 Rd7 49. Re7+ Rxe7 50. Bxe7 Bxc3 51. a6 Bd4 52. Bxh4 Ba7 53. Bf2 Bb8 54. a7 Bxa7 55. Bxa7 1-0